 Dungeon Crawl Stone Soup version 0.28-a0-390-gb254ac4902 (webtiles) character file.

Game seed: 775019356339313068

13 olmar the Magician (level 2, -5/21 HPs)
             Began as a Djinni Hedge Wizard on Sept 3, 2021.
             Slain by a gnoll (6 damage)
             ... on level 1 of the Dungeon.
             The game lasted 00:01:49 (984 turns).

olmar the Magician (Djinni Hedge Wizard)             Turns: 984, Time: 00:01:50

Health: -5/21      AC:  2    Str:  6 (9)  XL:     2   Next: 50%
Gold:   47         EV: 12    Int: 19 (21) God:
                   SH:  0    Dex:  9 (12)

rFire   + + .      SeeInvis .   a - +0 dagger
rCold   x . .      Faith    .   (no shield)
rNeg    . . .      Spirit   .   b - +0 robe
rPois   ∞          Reflect  .   c - +0 hat
rElec   .          Harm     .   (no cloak)
rCorr   .          Rampage  .   (no gloves)
Will    .....                   (boots unavailable)
Stlth   ++........              (no amulet)
HPRegen 0.07/turn               e - +6 ring of intelligence
MPRegen 0.00/turn               (no ring)

@: flying, hasted, very quick
A: sickness immunity, fire resistance 2, cold vulnerability 1, float, innate
caster, hp casting, extra vitality 1
a: no special abilities


You were on level 1 of the Dungeon.
You visited 1 branch of the dungeon, and saw 1 of its levels.

You collected 47 gold pieces.

Inventory:

Hand Weapons
 a - a +0 dagger (weapon)
Armour
 b - a +0 robe (worn)
 c - a +0 hat (worn)
Jewellery
 e - a +6 ring of intelligence (left hand)
Scrolls
 g - a scroll of fog {unknown}
Potions
 f - a potion of degeneration


   Skills:
 + Level 0.1 Fighting
 + Level 0.3 Short Blades
 + Level 2.3 Dodging
 + Level 1.7 Stealth
 + Level 2.7 Spellcasting


You couldn't memorise any spells.
You knew the following spells:

 Your Spells              Type           Power      Damage    Failure   Level
a - Magic Dart            Conj           52%        1d5       4%          1
b - Blink                 Tloc           N/A        N/A       8%          2
c - Call Imp              Summ           13%        N/A       8%          2
d - Slow                  Hex            13%        N/A       8%          2
e - Conjure Flame         Conj/Fire      13%        6-21      16%         3
f - Mephitic Cloud        Conj/Pois/Air  13%        N/A       16%         3
Your spell library was empty.

Dungeon Overview and Level Annotations

Branches:
Dungeon (1/15)

Altars:


Innate Abilities, Weirdness & Mutations

You are immune to sickness and miasma.
You are immune to poison.
Your flesh is very heat resistant. (rF++)
You are vulnerable to cold. (rC-)
You float through the air rather than walking.
You learn spells naturally, not from books.
Your magical power is your life essence.
You have superior vitality. (+4 HP)


Message History

You see here a +0 dagger.
You see here a +0 dagger.
There is a stone staircase leading down here.
g - a scroll labelled RIYBRA BUFAG A gnoll comes into view.
It is wielding a +0 spear of venom.
A ball python comes into view.
The gnoll shouts!
Found a helmet.
You see here a +0 helmet.
You aren't carrying any items that you can evoke.
Unknown command.
Press: ? - help, v - describe, . - travel
Here: a gnoll, wielding a +0 spear of venom The floor.
You start waiting.
A gnoll is nearby!
Casting: Magic Dart (safe; 4% risk of failure)
Confirm with . or Enter, or press ? or * to list all spells.
Aiming: Magic Dart (safe; 4% risk of failure)
Press: ? - help, Shift-Dir - straight line, f - gnoll
Aim: a gnoll, wielding a +0 spear of venom (100% to hit)
The magic dart hits the gnoll but does no damage.
Unknown command.
The gnoll hits you with a +0 spear of venom.
You hit the gnoll.
The gnoll is lightly wounded.
The gnoll hits you with a +0 spear of venom.
You are too injured to fight recklessly!
You are too injured to fight recklessly!
It was a potion of haste.
You feel yourself speed up.
The gnoll hits you with a +0 spear of venom.
It was a potion of degeneration.
There was something very wrong with that liquid.
You feel weakened.
You feel dopey.
You feel clumsy. The gnoll closely misses you.
The gnoll hits you with a +0 spear of venom.
* * * LOW HITPOINT WARNING * * *
Unknown command.
The gnoll hits you from afar with a +0 spear of venom.
You die...

..÷#.####.# ##.##.##.... ...#.#
#.#### ##.##.....## ...#.#
#....## ##..........#
.....#######..#### ##............
..........###..g.###.............
...######........................
...# ############.....>........
...# ##......g..................
...# #.........@................
##.# ###########................
#.# #.......######### ##.#
#########.....######..... ...#
##..>.......##.####....#.#
.#######..#####)..###...#..###...
.........## #.....# ##..#.## #.⌠.
########## #.....###...#.####...
# #.....##....#...###.#


You could see a gnoll.

Vanquished Creatures
  2 hobgoblins (D:1)
  2 kobolds (D:1)
  A quokka (D:1)
  3 ball pythons (D:1)
  2 bats (D:1)
  A goblin (D:1)
  3 rats (D:1)
14 creatures vanquished.

Notes
Turn   | Place    | Note
-------+----------+-------------------------------------------
     0 | D:1      | olmar the Djinni Hedge Wizard began the quest for the Orb.
     0 | D:1      | Reached XP level 1. HP: 15/15 MP: 0/0
   478 | D:1      | Reached XP level 2. HP: 20/21 MP: 0/0
   982 | D:1      | HP: 1/21 [gnoll (6)]
   984 | D:1      | Slain by a gnoll

Illustrated notes

Levels and vault maps discovered:
D:1:      dpeg_arrival_chambers_temple_mockup, layout_rooms

Action                   || total
-------------------------++-------
Melee: Dagger            ||    30
 Cast: Magic Dart        ||    20
  Use: Potion            ||     2
Armor: Robe              ||     2
Dodge: Dodged            ||    21

Table legend: (Time is in decaauts)
 A = Elapsed time spent in this place.
 B = Non-inter-level travel time spent in this place.
 C = Inter-level travel time spent in this place.
 D = Time resting spent in this place.
 E = Time spent auto-exploring this place.
 F = Levels seen in this place.
 G = Mean time per level.
                   A        B        C        D        E       F      G
               +--------+--------+--------+--------+--------+-----+--------+
         Total |    982 |    963 |     19 |    518 |    325 |   1 |  982.0 |
       Dungeon |    982 |    963 |     19 |    518 |    325 |   1 |  982.0 |
               +--------+--------+--------+--------+--------+-----+--------+

Top non-repeatable levels by time:
     D:1: 982 daAuts
